 Dungeon Crawl Stone Soup version 0.22-a0-3-g4fa69d9 (console) character file.

5695 removed the Destroyer (level 10, -8/83 HPs)
             Began as a Demigod Wanderer on Jan 1, 2018.
             Mangled by a red devil
             ... wielding a +0 trident
             ... summoned by a deep elf mage
              (17 damage)
             ... in a bailey.
             The game lasted 00:25:38 (11236 turns).

removed the Destroyer (Demigod Wanderer)           Turns: 11236, Time: 00:25:39

Health: -8/83      AC:  4    Str: 17    XL:     10   Next: 24%
Magic:  21/22      EV: 18    Int: 22    God:
Gold:   356        SH:  0    Dex: 18    Spells: 10/21 levels left

rFire    . . .     SeeInvis .   a - +5 flail (venom)
rCold    . . .     Gourm    .   (no shield)
rNeg     . . .     Faith    .   Q - +1 leather armour "Gag Agar" {Str+5}
rPois    .         Spirit   .   (no helmet)
rElec    .         Reflect  .   (no cloak)
rCorr    .         Harm     .   (no gloves)
MR       +....                  (no boots)
Stlth    +.........             X - amulet of magic regeneration
HPRegen  0.23/turn              (no ring)
MPRegen  0.43/turn              (no ring)

@: no status effects
A: high mp 1
a: no special abilities


You were in a bailey.
You were not hungry.

You visited 1 branch of the dungeon, and saw 9 of its levels.
You also visited: Bailey.

You collected 356 gold pieces.

Inventory:

Hand Weapons
 a - a +5 flail of venom (weapon)
 e - a +0 dagger
 j - a +0 short sword
 y - a -1 spear
 D - a cursed -3 whip
 H - a +0 spear
 V - a +0 scimitar of flaming
Missiles
 C - 2 throwing nets (quivered)
Armour
 d - a +1 robe
 Q - the +1 leather armour "Gag Agar" (worn) {Str+5}
   (You found it on level 6 of the Dungeon)

   It affects your strength (+5).
Jewellery
 X - an amulet of magic regeneration (around neck)
Wands
 x - a wand of acid (8)
 J - a wand of digging (40)
 M - a wand of iceblast (14)
 O - a wand of flame (23)
 R - a wand of polymorph (25)
Scrolls
 k - 2 scrolls of immolation
 n - 7 scrolls of teleportation
 p - 2 scrolls of remove curse
 s - a scroll of amnesia
 u - a scroll of enchant armour
 E - a scroll of random uselessness
 L - a scroll of noise
 P - 2 scrolls of fear
 S - a scroll of fog {unknown}
 T - a scroll of enchant weapon {unknown}
Potions
 b - 3 potions of curing
 h - 4 potions of heal wounds
 m - 2 potions of cancellation
 o - 3 potions of brilliance
 v - 2 potions of berserk rage
 z - a potion of lignification
 G - 3 potions of haste
 K - a potion of ambrosia
 W - a potion of magic
 Z - a potion of flight
Books
 c - the Almanac of the Birds

   Spells                             Type                      Level
   a - Swiftness                      Charms/Air                   2
   b - Poisonous Vapours              Poison/Air                   2
 q - a book of Minor Magic

   Spells                             Type                      Level
   a - Magic Dart                     Conjuration                  1
   b - Blink                          Translocation                2
   c - Call Imp                       Summoning                    2
   d - Slow                           Hexes                        2
   e - Conjure Flame                  Conjuration/Fire             3
   f - Mephitic Cloud                 Conjuration/Poison/Air       3
 r - a book of Cantrips

   Spells                             Type                      Level
   a - Confusing Touch                Hexes                        1
   b - Animate Skeleton               Necromancy                   1
   c - Summon Small Mammal            Summoning                    1
   d - Apportation                    Translocation                1
 I - a book of Necromancy

   Spells                             Type                      Level
   a - Pain                           Necromancy                   1
   b - Animate Skeleton               Necromancy                   1
   c - Vampiric Draining              Necromancy                   3
   d - Regeneration                   Charms/Necromancy            3
   e - Animate Dead                   Necromancy                   4
   f - Borgnjor's Vile Clutch         Necromancy/Earth             5
 Y - a book of Misfortune

   Spells                             Type                      Level
   a - Confusing Touch                Hexes                        1
   b - Confuse                        Hexes                        3
   c - Gell's Gravitas                Translocation                3
   d - Petrify                        Transmutation/Earth          4
   e - Metabolic Englaciation         Hexes/Ice                    5
   f - Yara's Violent Unravelling     Hexes/Transmutation          5
Comestibles
 f - 19 rations


   Skills:
 - Level 6.2 Fighting
 - Level 8.1 Dodging
   Level 1.7 Shields
 - Level 6.0 Spellcasting
 + Level 9.7 Conjurations
 - Level 1.7 Air Magic


You had 10 spell levels left.
You knew the following spells:

 Your Spells              Type           Power        Failure   Level  Hunger
a - Magic Dart            Conj           ####         1%          1    None
b - Conjure Flame         Conj/Fire      ####....     4%          3    #......
l - Blink                 Tloc           N/A          17%         2    None
m - Mephitic Cloud        Conj/Pois/Air  ###.....     7%          3    #......
s - Swiftness             Chrm/Air       ##......     12%         2    None


Dungeon Overview and Level Annotations

Branches:
Dungeon (9/15)             Temple (0/1) D:5            Lair (0/6) D:8
    Orc (0/2) D:9


Innate Abilities, Weirdness & Mutations

You have an increased reservoir of magic. (+10% MP)


Message History

The demonic crawler hits you but does no damage.
The demonic crawler hits you. The demonic crawler barely misses you.
The hell rat barely misses you. The chaos spawn gores you.
* * * LOW HITPOINT WARNING * * *
The chaos spawn freezes you!
* * * LOW HITPOINT WARNING * * *
Unknown command.
Unknown command.
You hit the deep elf mage.
The deep elf mage looks as sick as possible!
The deep elf mage is moderately wounded.
The demonic crawler completely misses you.
The demonic crawler misses you. The demonic crawler hits you.
* * * LOW HITPOINT WARNING * * *
The deep elf mage barely misses you. The hell rat misses you.
The deep elf mage hits you with a long sword of holy wrath.
* * * LOW HITPOINT WARNING * * *
The deep elf mage hits the deep elf mage with a short sword.
The red devil hits you from afar with a trident!
You die...

.. ... ...
#..
#####'#
##...e#
#.s4e.#
#.see.#
#.@es.#
##r4.##
#..##'####
#...
##...##
#...
#.....#
##..
#..∩..#
###
##...##
#####


You could see 2 demonic crawlers, 5 deep elf magi, a chaos spawn, a jumping
spider, a red devil and a hell rat.

Vanquished Creatures
  Erica (D:8)
  A two-headed ogre (D:8)
  A deep elf mage (Bailey)
  A hippogriff (D:8)
  A spriggan (D:8)
  Sigmund (D:4)
  A yak (D:8)
  Edmund (D:4)
  2 porcupines (D:8)
  The ghost of Squigly the Fighter, an amateur GnWn of Zin (D:3)
  2 ice beasts
  A sky beast (D:7)
  4 orc warriors (D:7)
  A phantom (D:8)
  4 black bears
  3 ogres
  2 centaurs
  A big kobold (D:7)
  2 scorpions
  A water moccasin skeleton (D:4)
  4 wights
  2 crimson imps
  8 hounds
  4 jellies
  2 orc priests (D:7)
  9 orc wizards
  Ijyb (D:5)
  2 iguanas
  3 worker ants
  A hound zombie (D:6)
  A hound skeleton (D:4)
  A howler monkey zombie (D:5)
  8 adders
  4 gnolls (D:3)
  A shadow imp (D:7)
  An ooze (D:1)
  A worm (D:2)
  A dart slug (D:4)
  3 leopard geckos
  21 orcs
  4 bats
  8 giant cockroaches
  4 goblins
  8 hobgoblins
  6 jackals
  3 quokkas
  2 ball pythons
  3 frilled lizards (D:1)
  9 kobolds
  A leopard gecko skeleton (D:5)
  A quokka skeleton (D:5)
  A quokka zombie (D:5)
  6 rats
  A fungus (D:8)
167 creatures vanquished.

Vanquished Creatures (others)
  3 fungi (D:8)
3 creatures vanquished.

Grand Total: 170 creatures vanquished

Notes
Turn   | Place    | Note
-------+----------+-------------------------------------------
     0 | D:1      | removed the Demigod Wanderer began the quest for the Orb.
     0 | D:1      | removed set off with: a book of Minor Magic, a potion of curing, the Almanac of the Birds, a +0 robe, a +0 dagger, a ration
     0 | D:1      | Reached XP level 1. HP: 14/14 MP: 9/9
     0 | D:1      | Identified the Almanac of the Birds
     2 | D:1      | Learned a level 1 spell: Magic Dart
   130 | D:1      | Reached skill level 1 in Conjurations
   303 | D:1      | Reached XP level 2. HP: 20/20 MP: 4/11
   502 | D:1      | Learned a level 2 spell: Blink
   505 | D:1      | Learned a level 2 spell: Swiftness
   540 | D:1      | Reached skill level 2 in Conjurations
  1162 | D:2      | Reached XP level 3. HP: 26/26 MP: 5/12
  1435 | D:2      | Learned a level 3 spell: Conjure Flame
  1439 | D:2      | Learned a level 3 spell: Mephitic Cloud
  1447 | D:2      | Reached skill level 3 in Conjurations
  1584 | D:2      | Found a faded altar of an unknown god.
  1904 | D:3      | Noticed Squigly's ghost (amateur GnWn)
  2830 | D:3      | Reached XP level 4. HP: 33/33 MP: 2/14
  3104 | D:3      | Killed Squigly's ghost
  3104 | D:3      | Reached skill level 4 in Conjurations
  3104 | D:3      | Reached XP level 5. HP: 30/38 MP: 3/16
  3621 | D:3      | Reached skill level 5 in Conjurations
  3910 | D:4      | Noticed a centaur
  3919 | D:4      | Killed a centaur
  3919 | D:4      | Reached XP level 6. HP: 41/45 MP: 9/17
  4044 | D:4      | Noticed Edmund
  4063 | D:4      | Killed Edmund
  4063 | D:4      | Reached skill level 6 in Conjurations
  4609 | D:4      | Noticed Sigmund
  4631 | D:4      | Killed Sigmund
  4631 | D:4      | Reached skill level 7 in Conjurations
  4631 | D:4      | Reached XP level 7. HP: 50/50 MP: 6/18
  5124 | D:5      | Entered Level 5 of the Dungeon
  5187 | D:5      | Found a staircase to the Ecumenical Temple.
  5210 | D:5      | Noticed Ijyb
  5569 | D:5      | Found an ornate altar of the Wu Jian Council.
  5685 | D:5      | Found a hide-covered altar of Uskayaw.
  5687 | D:5      | Noticed a dagger
  5687 | D:5      | Noticed a hand axe
  5723 | D:5      | Killed Ijyb
  5841 | D:5      | Reached skill level 8 in Conjurations
  5994 | D:5      | Reached skill level 1 in Dodging
  6250 | D:6      | Found a shimmering altar of Xom.
  6261 | D:6      | Got a pitted leather armour
  6318 | D:5      | Identified the +1 leather armour "Gag Agar" {Str+5} (You found it on level 6 of the Dungeon)
  6628 | D:6      | Found an iron altar of Okawaru.
  6986 | D:7      | Reached XP level 8. HP: 57/57 MP: 8/19
  7103 | D:7      | Reached skill level 1 in Fighting
  7399 | D:7      | Reached skill level 5 in Dodging
  7750 | D:7      | Found a sacrificial altar of Ru.
  8266 | D:7      | Found a glowing silver altar of Zin.
  8266 | D:7      | Noticed an angel
  8416 | D:7      | Upgraded the game from 0.22-a0 to 0.22-a0-3-g4fa69d9
  8487 | D:8      | Reached skill level 9 in Conjurations
  8521 | D:8      | Reached XP level 9. HP: 71/71 MP: 11/21
  9094 | D:8      | Noticed Erica
  9113 | D:8      | Killed Erica
 10055 | D:7      | Reached skill level 5 in Fighting
 10301 | D:8      | Found a staircase to the Lair.
 10358 | D:8      | Noticed a two-headed ogre
 10365 | D:8      | Killed a two-headed ogre
 10365 | D:8      | Reached XP level 10. HP: 83/83 MP: 10/22
 10691 | D:8      | Found a blossoming altar of Fedhas.
 10919 | D:9      | Noticed a two-headed ogre
 11061 | D:9      | Noticed a two-headed ogre
 11068 | D:9      | Noticed a two-headed ogre
 11080 | D:9      | Found a flagged portal.
 11090 | Bailey   | Entered a bailey
 11213 | Bailey   | Noticed a deep elf mage
 11226 | Bailey   | Noticed a deep elf mage
 11228 | Bailey   | Noticed a deep elf mage
 11228 | Bailey   | Killed a deep elf mage
 11231 | Bailey   | Noticed a deep elf mage
 11231 | Bailey   | Noticed a deep elf mage
 11234 | Bailey   | Noticed a deep elf mage
 11236 | Bailey   | Mangled by a red devil

Vault maps used:
D:1:      tarquinn_simple_flora_water_d, serial_bayou_ford_a, patterned_corridor
D:2:      first_ration, chequers_ecumenical_altar_simple_redux
D:4:      uniq_sigmund, uniq_edmund
D:5:      dancing_weapons_uskayaw, nicolae_overflow_crystal_walls,
          minmay_temple_entry_glassed_door, serial_glass, glass_columns_a,
          glass_columns_a, minmay_door_square, uniq_ijyb
D:6:      okawaru_metal_pillars_1_2, basic_altar
D:7:      zin_angel, nicolae_ru_great_annihilating_truth
D:8:      fedhas_altar_4, grunt_lair_entry_orc_guard_hut, the_bakery, uniq_erica
D:9:      orc_0_dummy, enter_bailey_2
Bailey:   bailey_polearm_3, bailey

Skill      XL: |  1  2  3  4  5  6  7  8  9 |
---------------+----------------------------+-----
Conjurations   | 1 2 3 4 5 7 8 9 |  9.7
Dodging        | 3 5 8 |  8.1
Fighting       | 4 6 |  6.2
Spellcasting   | 6 |  6.0
Shields        | |  1.7
Air Magic      | |  1.7

Action                   |  1- 3 |  4- 6 |  7- 9 | 10-12 || total
-------------------------+-------+-------+-------+-------++-------
Melee: Spear             |       |     8 |       |       ||     8
       Flail             |       |       |    62 |    22 ||    84
 Cast: Magic Dart        |   137 |    93 |   397 |    33 ||   660
       Conjure Flame     |     5 |     4 |    16 |       ||    25
       Mephitic Cloud    |     1 |     2 |    16 |     5 ||    24
       Blink             |       |       |     3 |       ||     3
Evoke: Wand              |       |       |       |     1 ||     1
  Use: Scroll            |       |     7 |     6 |     5 ||    18
 Stab: Confused          |       |       |     3 |     1 ||     4
  Eat: Chunk             |     4 |     7 |    15 |       ||    26
       Ration            |       |       |     1 |     1 ||     2
Armor: Robe              |     9 |     5 |     1 |       ||    15
       Leather armour    |       |       |    20 |     6 ||    26
Dodge: Dodged            |    15 |    40 |    94 |    52 ||   201

Table legend:
 A = Spawn XP
 B = Non-spawn XP
 C = Spawn XP percentage of total XP
 D = Spawn monster count
 E = Non-spawn monster count
 F = Spawn count percentage of total count
 G = Total turns spent on level
                    A         B        C        D         E        F      G
               +---------+---------+-------+---------+---------+-------+---------
         Total |       0 |    8136 |   0.0 |       0 |     166 |   0.0 | 11236
               +---------+---------+-------+---------+---------+-------+---------
           D:1 |       0 |      39 |   0.0 |       0 |      20 |   0.0 |  1030
           D:2 |       0 |      32 |   0.0 |       0 |      11 |   0.0 |  1205
           D:3 |       0 |     244 |   0.0 |       0 |      18 |   0.0 |  1504
           D:4 |       0 |     712 |   0.0 |       0 |      17 |   0.0 |  1489
           D:5 |       0 |     346 |   0.0 |       0 |      18 |   0.0 |  1008
           D:6 |       0 |      65 |   0.0 |       0 |       3 |   0.0 |   577
           D:7 |       0 |    1956 |   0.0 |       0 |      43 |   0.0 |  2455
           D:8 |       0 |    3978 |   0.0 |       0 |      29 |   0.0 |  1695
           D:9 |       0 |     241 |   0.0 |       0 |       6 |   0.0 |   127
        Bailey |       0 |     523 |   0.0 |       0 |       1 |   0.0 |   146
               +---------+---------+-------+---------+---------+-------+---------
